 Dungeon Crawl Stone Soup version bcrawl-1.19.1 (webtiles) character file.

Game seed: 8400849404080433289

55 mahrnol the Conjurer (level 3, 0/19 HPs)
             Began as a Skeleton Conjurer on Dec 2, 2019.
             Slain by an adder (2 damage)
             ... on level 1 of the Dungeon.
             The game lasted 00:06:45 (1461 turns).

mahrnol the Conjurer (Skeleton Conjurer)            Turns: 1461, Time: 00:06:46

Health: 0/19       AC:  3    Str: 14      XL:     3   Next: 67%
Magic:  0/7        EV: 12    Int: 14      God:
Gold:   141        SH:  0    Dex:  8 (9)  Spells: 2/8 levels left

rFire    + . .     SeeInvis .   (no weapon)
rCold    . . .     Gourm    .   (no shield)
rNeg     + + +     Faith    .   a - +0 robe
rPois    ∞         Spirit   +   f - +0 helmet
rElec    .         Reflect  .   (no cloak)
rCorr    .         Harm     .   (no gloves)
MR       .....                  (no boots)
Stlth    ++........             (no amulet)
HPRegen  0.06/turn              e - ring of fire
MPRegen  0.10/turn              (no ring)

@: no status effects
A: no food or potions, cold resistance 1, deterioration 1, negative energy
resistance 3, torment resistance, unbreathing, magic shield, sturdy frame 1,
spell healing
a: no special abilities


You were on level 1 of the Dungeon.
You were not hungry.

You visited 1 branch of the dungeon, and saw 2 of its levels.

You collected 141 gold pieces.

Inventory:

Missiles
 b - 270 bolts
 c - 256 sling bullets
 g - 89 poisoned needles
Armour
 a - a +0 robe (worn)
 f - a +0 helmet (worn)
Jewellery
 e - a ring of fire (left hand)
Scrolls
 d - a scroll of teleportation {unknown}
 h - 3 scrolls of identify {unknown}
 i - a scroll of remove curse {unknown}
 j - 2 scrolls of enchant weapon {unknown}
 k - 2 scrolls of noise {unknown}


   Skills:
 + Level 2.1 Dodging
 + Level 2.5 Stealth
 + Level 3.4 Spellcasting
 + Level 6.2 Conjurations


You had 2 spell levels left.
You knew the following spells:

 Your Spells              Type           Power        Failure   Level  Hunger
a - Magic Dart            Conj           ###.         1%          1    N/A
b - Searing Ray           Conj           ###...       2%          2    N/A
c - Iskenderun's Mystic   Conj           ###.....     4%          3    N/A

Your spell library contained the following spells:

 Spells                   Type           Power        Failure   Level  Hunger
 Fulminant Prism          Conj/Hex       ##........   50%         4    N/A
 Irradiate                Conj/Tmut      ##........   85%         5    N/A

Dungeon Overview and Level Annotations

Branches:
Dungeon (2/12)

Altars:
Qazlal

Annotations:
D:2 Terence


Innate Abilities, Weirdness & Mutations

You do not eat or drink.
You are immune to poison.
Your flesh is cold resistant. (rC+)
Your body sometimes deteriorates upon taking damage.
You are immune to negative energy. (rN+++)
You are immune to unholy pain and torment.
You can survive without breathing.
When hurt, damage is shared between your health and your magic reserves.
Your movements are slightly less encumbered by armour. (ER -2)
Casting spells heals you.


Message History

The adder closely misses you. The adder closely misses you.
The adder bites you. The adder bites you.
The adder bites you but does no damage. The adder closely misses you.
Casting: Magic Dart (safe; 1% risk of failure)
Confirm with . or Enter, or press ? or * to list all spells.
Aiming: Magic Dart (safe; 1% risk of failure)
Press: ? - help, Shift-Dir - straight line, f/p - adder
Aim: an adder (severely wounded)
The magic dart hits the adder.
The adder is severely wounded.
The adder bites you.
* * * LOW HITPOINT WARNING * * *
Your body deteriorates!
You feel clumsy. The adder bites you.
* * * LOW HITPOINT WARNING * * *
The adder bites you.
You die...

#######........# ########.#
#.##################
#..................#
#.............####.#
##########################.#
#.# .........#.........g...#
#^# #.#
...........#####S#####.# #.#
#.# ########.#######@#
#.###.## #.# # #.# #....#
#.##...###.# # #.# #.##.#
#....#.....# # #.#
#.##.#####.##...##..# # #.#
#.##....>..###.###..# ####
#.# #.##.##.##.# #.###..#
...# ##.## #.##.##.##.#
#..##... ##.## #...#
#.##....##.# ##.###.# ##..#
#.#.# #.##.#####.###......#


You could see an adder.

Vanquished Creatures
  3 gnolls (D:2)
  3 giant cockroaches
  4 goblins
  4 hobgoblins
  A ball python (D:1)
  4 bats
  A frilled lizard (D:2)
  4 kobolds
  2 rats
26 creatures vanquished.

Notes
Turn   | Place    | Note
-------+----------+-------------------------------------------
     0 | D:1      | mahrnol the Skeleton Conjurer began the quest for the Orb.
     0 | D:1      | Reached XP level 1. HP: 10/10 MP: 4/4
   113 | D:1      | Reached skill level 5 in Conjurations
   341 | D:1      | Reached XP level 2. HP: 15/15 MP: 3/6
   346 | D:1      | Learned a level 2 spell: Searing Ray
   776 | D:2      | Noticed Terence
   940 | D:2      | Reached XP level 3. HP: 19/19 MP: 1/7
   945 | D:2      | Learned a level 3 spell: Iskenderun's Mystic Blast
  1099 | D:2      | Reached skill level 6 in Conjurations
  1411 | D:2      | Found a stormy altar of Qazlal.
  1461 | D:1      | Slain by an adder

Skill      XL: |  1  2  3 |
---------------+----------+-----
Conjurations   | 5 6 |  6.2
Dodging        | |  2.1
Stealth        | |  2.5
Spellcasting   | |  3.4

Action                   || total
-------------------------++-------
 Cast: Magic Dart        ||    48
       Searing Ray       ||     4
Armor: Robe              ||     3
Dodge: Dodged            ||    10
